 Dungeon Crawl Stone Soup version 0.25-a0-558-g78a2afb0af (webtiles) character file.

Game seed: 4870627421903703941, levelgen mode: deterministic

77 Flugslaktarn the Shield-Bearer (level 4, -4/37 HPs)
             Began as a Formicid Fighter on Feb 24, 2020.
             Killed from afar by an orc wizard (9 damage)
             ... with a magic dart
             ... on level 4 of the Dungeon.
             The game lasted 00:00:27 (699 turns).

Flugslaktarn the Shield-Bearer (Formicid Fighter)    Turns: 699, Time: 00:00:28

Health: -4/37      AC:  7    Str: 22    XL:     4   Next: 58%
Magic:  4/4        EV:  8    Int:  7    God:
Gold:   77         SH:  9    Dex: 10    Spells: 3/3 levels left

rFire    . . .     SeeInvis +   a - +0 war axe
rCold    . . .     Gourm    .   c - +0 kite shield
rNeg     . . .     Faith    .   b - +0 scale mail
rPois    .         Spirit   .   (helmet unavailable)
rElec    .         Reflect  .   (no cloak)
rCorr    .         Harm     .   (no gloves)
MR       .....                  (no boots)
Stlth    ..........             (no amulet)
HPRegen  0.12/turn              (no ring)
MPRegen  0.09/turn              (no ring)

@: no status effects
A: permanent stasis, dig shafts and tunnels, four strong arms, antennae 3
a: Dig, Shaft Self


You were on level 4 of the Dungeon.
You were not hungry.

You visited 1 branch of the dungeon, and saw 4 of its levels.

You collected 77 gold pieces.

Inventory:

Hand Weapons
 a - a +0 war axe (weapon)
Armour
 b - a +0 scale mail (worn)
 c - a +0 kite shield (worn)
Scrolls
 f - 2 scrolls of teleportation {unknown}
 i - 2 scrolls of identify {unknown}
 k - a scroll of remove curse {unknown}
Potions
 d - a potion of might
 h - 2 potions of stabbing {unknown}
 j - a potion of haste {unknown}
 l - a potion of invisibility {unknown}
Comestibles
 e - a ration
 g - 4 chunks of flesh


   Skills:
 + Level 3.8 Fighting
 * Level 3.2 Axes
 + Level 3.8 Armour
 + Level 4.2 Shields


You had 3 spell levels left.
You didn't know any spells.
Your spell library was empty.

Dungeon Overview and Level Annotations

Branches:
Dungeon (4/15)
 Temple: D:4-7

Altars:


Innate Abilities, Weirdness & Mutations

You cannot be hasted, slowed, berserked, paralysed or teleported.
You can dig through walls and to a lower floor.
Your four strong arms can wield two-handed weapons with a shield.
You have a pair of large antennae on your head. (SInv)


Message History

The orc wizard barely misses you. You block the orc wizard's attack.
The leopard gecko bites you but does no damage.
You barely miss the orc wizard.
The orc wizard is almost dead.
You closely miss the leopard gecko. You closely miss the orc wizard.
The orc wizard hits you with a +0 dagger.
* * * LOW HITPOINT WARNING * * *
The orc wizard hits you but does no damage. x2
The leopard gecko barely misses you.
The orc wizard hits you with a +0 dagger.
* * * LOW HITPOINT WARNING * * *
The orc wizard hits you but does no damage.
Unknown command.
You closely miss the orc wizard.
The orc wizard is almost dead.
You closely miss the orc wizard.
You hit the leopard gecko but do no damage.
The orc wizard gestures at you while chanting.
The magic dart hits you!
You die...

..#...... ....=....###
.##.#....... ##.# .......
#####.. #(.... ####.....#
..%# ##........#
##.(#####.
##.........####o).o.....
#.............o@#....##.
#...........###l#....#
#....<......###.#.......
#.....รท.........##..o...
#..........####.. ...###
##........## #.# ...[
#..........# #.# .###.
#..........# ..#
#..........#


You could see 3 orc wizards and a leopard gecko.

Vanquished Creatures
  A howler monkey (D:4)
  An adder skeleton (D:4)
  A worm (D:3)
  A dart slug (D:2)
  A leopard gecko (D:1)
  8 orcs
  A giant cockroach (D:1)
  A goblin (D:1)
  4 kobolds
  4 frilled lizards
  4 rats
27 creatures vanquished.

Notes
Turn   | Place    | Note
-------+----------+-------------------------------------------
     0 | D:1      | Flugslaktarn the Formicid Fighter began the quest for the
                  | Orb.
     0 | D:1      | Reached XP level 1. HP: 18/18 MP: 1/1
   167 | D:1      | Reached XP level 2. HP: 24/24 MP: 2/2
   470 | D:3      | Reached XP level 3. HP: 28/29 MP: 3/3
   529 | D:3      | Reached skill level 4 in Shields
   688 | D:4      | Reached XP level 4. HP: 26/37 MP: 4/4
   699 | D:4      | Killed from afar by an orc wizard

Levels and vault maps discovered:
D:1:      minmay_arrival_five_plusses, layout_basic
D:2:      layout_basic, lemuel_crystal_altar
D:3:      layout_loops_ring
D:4:      layout_rooms

Skill      XL: |  1  2  3 |
---------------+----------+-----
Shields        | 4 |  4.2
Axes           | 3 |  3.2
Fighting       | |  3.8
Armour         | |  3.8

Action                   |  1- 3 |  4- 6 || total
-------------------------+-------+-------++-------
Melee: War axe           |    52 |    10 ||    62
Armor: Scale mail        |    18 |    10 ||    28
Dodge: Dodged            |    13 |     4 ||    17
Block: Kite shield       |    22 |     9 ||    31

Table legend:
 A = Non-vault XP
 B = Vault XP
 C = Vault XP percentage of total XP
 D = Non-vault monster count
 E = Vault monster count
 F = Vault count percentage of total count
                 A         B        C        D         E       F
            +---------+---------+-------+---------+---------+-------
      Total |     110 |       0 |   0.0 |      27 |       0 |   0.0
            +---------+---------+-------+---------+---------+-------
        D:1 |      14 |       0 |   0.0 |       8 |       0 |   0.0
        D:2 |       7 |       0 |   0.0 |       4 |       0 |   0.0
        D:3 |      20 |       0 |   0.0 |       8 |       0 |   0.0
        D:4 |      69 |       0 |   0.0 |       7 |       0 |   0.0
            +---------+---------+-------+---------+---------+-------
